 Dungeon Crawl Stone Soup version 0.20.1-1-g8b1a95d (webtiles) character file.

103 saradell the Skirmisher (level 5, -2/42 HPs)
             Began as a Human Berserker on June 9, 2018.
             Was a Believer of Trog.
             Killed from afar by an orc wizard (6 damage)
             ... with a magic dart
             ... on level 2 of the Dungeon.
             The game lasted 00:24:27 (2110 turns).

saradell the Skirmisher (Human Berserker)           Turns: 2110, Time: 00:24:28

Health: -2/42      AC:  4    Str: 17    XL:     5   Next: 6%
Magic:  5/5        EV: 13    Int: 12    God:    Trog [**....]
Gold:   86         SH:  0    Dex: 14    Spells: 4/4 levels left

rFire    . . .     SeeInvis .   a - +0 falchion
rCold    . . .     Gourm    .   (no shield)
rNeg     . . .     Faith    .   b - +0 animal skin
rPois    .         Spirit   .   o - +2 hat
rElec    .         Reflect  .   (no cloak)
rCorr    .         Harm     .   (no gloves)
MR       .....                  (no boots)
Stlth    +.........             (no amulet)
Regen    0.2/turn               (no ring)
MPRegen  0.1/turn               (no ring)

@: brilliant
A: no striking features
a: Berserk, Trog's Hand, Burn Spellbooks, Renounce Religion


You were on level 2 of the Dungeon.
You worshipped Trog.
Trog was pleased with you.
You were not hungry.

You visited 1 branch of the dungeon, and saw 3 of its levels.

You collected 86 gold pieces.

Inventory:

Hand Weapons
 a - a +0 falchion (weapon)
 m - a +0 halberd
 u - a cursed +0 spear
Missiles
 g - 59 stones (quivered)
 k - 11 sling bullets
Armour
 b - a +0 animal skin (worn)
 h - a +2 hat
 o - a +2 hat (worn)
 q - a +0 leather armour
Jewellery
 e - an uncursed ring of protection from cold {unknown}
Scrolls
 d - a scroll of identify
 f - a scroll of fog {unknown}
 n - a scroll of teleportation {unknown}
 p - a scroll of enchant weapon {unknown}
 r - a scroll of noise {unknown}
 s - a scroll of recharging {unknown}
 t - a scroll of immolation {unknown}
Comestibles
 c - 2 bread rations
 l - 7 fruits


   Skills:
 + Level 4.1 Fighting
 + Level 4.1 Long Blades
 + Level 2.1 Armour
 + Level 2.3 Dodging
 + Level 0.4 Stealth


You had 4 spell levels left.
You didn't know any spells.

Dungeon Overview and Level Annotations

Branches:
Dungeon (3/15)

Altars:


Message History

* * * LOW HITPOINT WARNING * * *
Unknown command.
It was a potion of curing.
You feel better.
The orc wizard gestures at you while chanting.
You resist with some effort.
You barely miss the orc wizard.
The orc wizard is severely wounded.
The orc wizard barely misses you. The orc wizard hits you with a dagger.
* * * LOW HITPOINT WARNING * * *
You closely miss the orc wizard.
The orc wizard is severely wounded.
The orc wizard casts a spell at you. The magic dart hits you!
* * * LOW HITPOINT WARNING * * *
Unknown command.
You closely miss the orc wizard.
The orc wizard is severely wounded.
The orc wizard casts a spell at you. The magic dart hits you!
You die...

##.# #.# #.# #
#.#########.###.# #
#.......#.....#.# #
######..#....)#.# #
#...........# #
##..#.....### #
#..#.....###### #
#.....รท.......#########
#.####@######..........
#.# #o# ########... #.#
#.# #.## #.# #.#
#######.## #.# #.#
##.........
#.####.######...####.#.
#....................#.
######.######...####.#.
#.........## #.#.


You could see an orc wizard.

Vanquished Creatures
  4 adders
  2 dart slugs
  2 leopard geckos (D:2)
  An orc (D:3)
  5 bats
  3 giant cockroaches
  6 goblins
  6 hobgoblins
  3 jackals (D:2)
  4 kobolds (D:1)
  3 quokkas (D:2)
  14 frilled lizards (D:2)
  6 rats
  2 plants (D:2)
61 creatures vanquished.

Vanquished Creatures (others)
  2 plants (D:2)
2 creatures vanquished.

Grand Total: 63 creatures vanquished

Notes
Turn   | Place    | Note
-------+----------+-------------------------------------------
     0 | D:1      | saradell the Human Berserker began the quest for the Orb.
     0 | D:1      | Reached XP level 1. HP: 18/18 MP: 1/1
   113 | D:1      | Reached XP level 2. HP: 23/24 MP: 2/2
   573 | D:1      | Reached XP level 3. HP: 26/29 MP: 3/3
  1159 | D:2      | Reached XP level 4. HP: 25/37 MP: 4/4
  1413 | D:2      | Reached ** piety under Trog
  1854 | D:3      | Reached XP level 5. HP: 13/42 MP: 5/5
  2106 | D:2      | HP: 2/42 [orc wizard/magic dart (5)]
  2110 | D:2      | Killed from afar by an orc wizard

Skill      XL: |  1  2  3  4 |
---------------+-------------+-----
Fighting       | 4 |  4.1
Long Blades    | 4 |  4.1
Armour         | |  2.1
Dodging        | |  2.3
Stealth        | |  0.4

Action                   |  1- 3 |  4- 6 || total
-------------------------+-------+-------++-------
Melee: Falchion          |   106 |   115 ||   221
  Use: Scroll            |     1 |     1 ||     2
       Potion            |       |     2 ||     2
  Eat: Bread ration      |       |     1 ||     1
       Fruit             |       |     1 ||     1
Armor: Animal skin       |    23 |    26 ||    49
Dodge: Dodged            |    88 |    61 ||   149
       Rpst.: Falchion   |    28 |    13 ||    41
